[Event "Early-Titled-Tuesday-Blitz-March-19-2024"]
[Site "Chess.com"]
[Date "2024.03.19"]
[Round "8"]
[White "Winner_7777"]
[Black "Kotofeyca"]
[Result "0-1"]
[WhiteElo "2611"]
[BlackElo "2465"]
[TimeControl "180+1"]
[EndTime "9:29:43 PDT"]
[Termination "Kotofeyca won by resignation"]

1. d4 d5 2. c4 c6 3. Nc3 Nf6 4.
Nf3 dxc4 5. a4 Bg4 6. Ne5 Bh5 7. f3 Nfd7 8. Nxc4 e5 9. e4 Qh4+ 10. g3 Qf6 11. g4 exd4 12. Na2 Qh4+ 13. Ke2 Bg6 14.
Qxd4 Bc5 15. Qc3 Qf2+ 16. Kd1 Bd4 17. Qa3 h5 18. Bf4 Bc5 19. Qb3 hxg4 20. Bg3 Qxf3+ 21. Qxf3 gxf3 22. Nc3 f6 23. Nd6+ Bxd6 24. Bxd6 Ne5 25.
Kc2 Nbd7 26. h4 O-O-O 27. Bh3 Bh5 28. Rhf1 Bg4 29. Bxg4 Nxg4 30. Rxf3 Rxh4 31. Rg1 Nb6 32. Bg3 Rh3 33. a5 Nc4 34. a6 Nce5 35. axb7+ Kxb7 36.
Rf5 Rd4 37. Rgf1 Ne3+ 38. Kb3 Nxf1 39. Bxe5 Nd2+ 40. Kc2 fxe5 41. Rf7+ Kb6 42. Rxg7 Rh2 43. Re7 Nxe4+ 44. Kb3 Nxc3 45. bxc3 Re4 46. Rd7 Rh3 47. Kb2 Ree3 0-1

[Event "Early-Titled-Tuesday-Blitz-March-19-2024"]
[Site "Chess.com"]
[Date "2024.03.19"]
[Round "8"]
[White "visa"]
[Black "Dewarfd"]
[Result "1-0"]
[WhiteElo "2307"]
[BlackElo "2081"]
[TimeControl "180+1"]
[EndTime "9:29:43 PDT"]
[Termination "visa won on time"]

1. Nf3 Nf6 2. b3 g6 3. Bb2 Bg7 4. g3 O-O 5. Bg2 d5 6. c4 c5 7. cxd5 Nxd5 8. Bxg7 Kxg7 9. d4 cxd4 10. Qxd4+ Nf6 11.
Qb2 Qa5+ 12. Nc3 Bg4 13. O-O Nc6 14. a3 Rac8 15. b4 Qc7 16. Nd5 Qd6 17. Rad1 Bxf3 18. Bxf3 Ne5 19. Bg2 Rfd8 20. f4 Neg4 21. h3 Nh6 22.
Nxf6 Qxf6 23. Qxf6+ exf6 24. Bxb7 Rb8 25. Be4 Re8 26.
Rd4 Rbd8 27. Rfd1 Rxd4 28. Rxd4 f5 29. Bd3 Re7 30. Kf2 Ng8 31. Bb5 Nf6 32. Kf3 Rc7 33. Rc4 Re7 34. a4 Ne4 35. Rd4 Rc7 36. Bd3 Nd2+ 37.
Ke3 Nb3 38. Rc4 Re7+ 39. Kf2 Nd2 40. Rd4 Nb3 41. Rd6 Rb7 42. b5 Nc5 43. a5 Nxd3+ 44.
exd3 Rxb5 45. Ra6 Rb7 46. Ke3 Kf8 47. Kd4 Ke7 48. Kc5 Rd7 49. d4 Kd8 50. d5 Kc7 51. d6+ Kb7 52. Kb5 f6 53. Rc6 1-0

[Event "Early-Titled-Tuesday-Blitz-March-19-2024"]
[Site "Chess.com"]
[Date "2024.03.19"]
[Round "8"]
[White "GOGIEFF"]
[Black "Firouzja2003"]
[Result "0-1"]
[WhiteElo "3024"]
[BlackElo "3104"]
[TimeControl "180+1"]
[EndTime "9:29:44 PDT"]
[Termination "Firouzja2003 won on time"]

1. c4 e5 2. d3 Nf6 3. Nf3 Nc6 4. a3 d5 5. cxd5 Nxd5 6. e3 a5 7. Be2 Be7 8. O-O O-O 9. Nc3 Be6 10. Qc2 Qd7 11.
Bd2 Nb6 12. Ne4 a4 13. Nc5 Bxc5 14. Qxc5 f6 15. Rac1 Rfd8 16. h3 Bf7 17. Rfd1 Bb3 18. Re1 Nc8 19. e4 Nd6 20. Be3 Ra5 21. Qc3 Nb5 22.
Qd2 Raa8 23. Rc5 Nbd4 24. Nxd4 Nxd4 25. Bxd4 exd4 26. Qf4 c6 27. e5 Qe7 28. Rec1 Rd5 29. Rxd5 Bxd5 30. Qxd4 Qxe5 31. Qxe5 fxe5 32. f3 Kf7 33.
Kf2 Ra6 34. Ke3 Rb6 35. Rc2 Kf6 36. Rd2 g5 37. Bd1 Ra6 38. d4 Ra8 39. dxe5+ Kxe5 40. h4 gxh4 41. Rd4 Rg8 42. Rxh4 Rxg2 43. Rxh7 Rxb2 44.
f4+ Kd6 45. Bxa4 Ra2 46. Bd1 Rxa3+ 47. Kd2 b5 48. Rh6+ Kc5 49. f5 Ra2+ 50. Ke3 b4 51. f6 b3 0-1

[Event "Early-Titled-Tuesday-Blitz-March-19-2024"]
[Site "Chess.com"]
[Date "2024.03.19"]
[Round "8"]
[White "Igor_Lysyj"]
[Black "BilodeauA"]
[Result "0-1"]
[WhiteElo "2822"]
[BlackElo "3058"]
[TimeControl "180+1"]
[EndTime "9:29:44 PDT"]
[Termination "BilodeauA won by resignation"]

1. d4 d5 2. c4 dxc4 3. Nf3 a6 4. e3 Bg4 5. Bxc4 e6 6. O-O Nf6 7. Nc3 Nc6 8. h3 Bh5 9. Re1 Be7 10. Bf1 Nd5 11.
e4 Bxf3 12. gxf3 Nxc3 13. bxc3 O-O 14. f4 Na5 15. c4 f5 16. e5 b5 17. cxb5 axb5 18. Bxb5 Qd5 19. Bf1 Rad8 20. Bg2 Qxd4 21. Qxd4 Rxd4 22. Be3 Ra4 23. Rec1 c5 24. Rab1 c4 25.
Rc2 Kf7 26. Bf1 Rc8 27. Rb6 c3 28. Ra6 Ra3 29. Bb5 Nc4 30. Bxc4 Rxc4 31. Rxa3 Bxa3 32. Kf1 g5 33. fxg5 f4 34. Bc1 Bxc1 35. Rxc1 f3 36.
Ke1 Kg6 37. Kd1 Kxg5 38. Kc2 Kh4 39. Kb3 Rf4 40. a4 Kxh3 41. a5 Kg2 42. Rc2 Rf8 43.
Kxc3 h5 44. a6 Ra8 45. Ra2 h4 46. Kb4 h3 47. Kb5 h2 48. Ra1 h1=Q 49. Rxh1 Kxh1 0-1

[Event "Early-Titled-Tuesday-Blitz-March-19-2024"]
[Site "Chess.com"]
[Date "2024.03.19"]
[Round "8"]
[White "Roedor"]
[Black "Carlos-Godoy"]
[Result "1-0"]
[WhiteElo "2307"]
[BlackElo "2081"]
[TimeControl "180+1"]
[EndTime "9:29:45 PDT"]
[Termination "Roedor won on time"]

1. c4 Nf6 2. g3 g6 3. Bg2 Bg7 4. Nf3 c5 5. O-O O-O 6. Nc3 Nc6 7. d4 cxd4 8. Nxd4 d6 9. Nxc6 bxc6 10. Bxc6 Rb8 11.
Bg2 Qa5 12. Qc2 Bf5 13. e4 Be6 14. b3 Nxe4 15. Bxe4 Qxc3 16. Be3 Qxc2 17. Bxc2 Bxa1 18. Rxa1 a6 19. h4 Rfc8 20. Rd1 d5 21. c5 Rc6 22.
Bd3 Bg4 23. Rc1 Bf3 24. Bf4 Re8 25. b4 e5 26. b5 Rcc8 27. Bd2 e4 28. Bf1 axb5 29. Bxb5 Re7 30. Be3 Rb7 31. a4 f5 32.
Kf1 h6 33. Ke1 g5 34. hxg5 hxg5 35. Ba6 Rbc7 36. Bxc8 Rxc8 37. c6 f4 38. gxf4 gxf4 39. Bxf4 d4 40. c7 d3 41. Kd2 Kf7 42. Ke3 Ke6 43.
Rc6+ Kd5 44. Rd6+ Kc5 45. Rd8 Bg4 46. Kxe4 d2 47. Rxd2 Kb4 48. f3 Bh3 49. Rd4+ Ka5 50. Be5 1-0

[Event "Early-Titled-Tuesday-Blitz-March-19-2024"]
[Site "Chess.com"]
[Date "2024.03.19"]
[Round "8"]
[White "Binary010"]
[Black "VincentKeymer"]
[Result "1-0"]
[WhiteElo "2862"]
[BlackElo "3056"]
[TimeControl "180+1"]
[EndTime "9:29:48 PDT"]
[Termination "Binary010 won by resignation"]

1. e4 c6 2. d4 d5 3. e5 Bf5 4. Nf3 e6 5. Be2 Ne7 6. c3 Nd7 7. O-O h6 8. Na3 Bh7 9. Nc2 c5 10.
dxc5 Nxc5 11. Be3 Nc6 12. Ncd4 Be7 13. Nxc6 bxc6 14. Nd4 Qc7 15. b4 Ne4 16. Rc1 O-O 17. f3 c5 18. fxe4 cxd4 19. cxd4 Qb6 20. exd5 exd5 21.
Bf3 Rad8 22. Qb3 Be4 23. Bxe4 dxe4 24. a3 Bg5 25. Rc5 Qe6 26. Qc3 Rd7 27. Bxg5 hxg5 28. Qe3 Rfd8 29. Rd1 Qf5 30. Rc4 Qxe5 31. dxe5 Rxd1+ 32. Kf2 R8d2+ 33. Kg3 Rd3 34. Rxe4 Rxe3+ 35. Rxe3 Kf8 36.
Rc3 g6 37. Kg4 Rd2 38. g3 Rxh2 39. Rc7 Re2 40. Rxa7 Rxe5 41. Rb7 Re4+ 42. Kf3 Rc4 43.
a4 g4+ 44. Ke3 g5 45. a5 Rc3+ 46. Kf2 Rc2+ 47. Kf1 Kg7 48. a6 Ra2 49. b5 Kf6 50. a7 Ke5 51. Rxf7 Ke4 52. b6 Ke3 53. b7 Ra1+ 54.
Kg2 Ra2+ 55. Kg1 Ra1+ 56. Rf1 1-0

[Event "Early-Titled-Tuesday-Blitz-March-19-2024"]
[Site "Chess.com"]
[Date "2024.03.19"]
[Round "8"]
[White "Rutricks"]
[Black "Kostya0705"]
[Result "1-0"]
[WhiteElo "2719"]
[BlackElo "2567"]
[TimeControl "180+1"]
[EndTime "9:29:50 PDT"]
[Termination "Rutricks won by resignation"]

1. Nc3 d5 2. d4 Nf6 3. Bf4 a6 4.
Qd2 b5 5. f3 Bb7 6. h4 c5 7. e3 Nc6 8. h5 h6 9. O-O-O b4 10.
Na4 e6 11. dxc5 e5 12. Bg3 Qa5 13. b3 Bxc5 14. Bh4 Rd8 15. Kb1 Be7 16. g4 Na7 17.
Bg3 Bd6 18. Qh2 Qc7 19. Rc1 Nb5 20. c4 bxc3 21. Bxb5+ axb5 22. Nxc3 Qe7 23. Nxb5 Bb8 24. Ne2 O-O 25. g5 hxg5 26. h6 g6 27. h7+ Kh8 28. Qh6 Nh5 29. Be1 d4 30. Ng3 Ng7 31. exd4 Bxf3 32.
Rf1 exd4 33. Rxf3 Bxg3 34. Rxg3 Nf5 35. Qh2 Qe5 36. Rg2 Qxb5 37. Rf2 Qd3+ 38. Kb2 Rfe8 39. Ba5 Ra8 40. Rd2 Qa6 41. b4 d3 42. Qf2 Qf6+ 43.
Kb1 Rxa5 44. bxa5 Rb8+ 45. Rb2 Rd8 46. Qb6 Qe7 47. a6 d2 48. Rd1 Ne3 49. Rdxd2 Qe4+ 50. Rbc2 Rc8 51. Qb2+ Kxh7 52. Rh2+ Qh4 53. Rxh4+ 1-0

[Event "Early-Titled-Tuesday-Blitz-March-19-2024"]
[Site "Chess.com"]
[Date "2024.03.19"]
[Round "8"]
[White "KnightmareJoker"]
[Black "dosto07"]
[Result "1-0"]
[WhiteElo "2309"]
[BlackElo "2486"]
[TimeControl "180+1"]
[EndTime "9:29:50 PDT"]
[Termination "KnightmareJoker won on time"]

1. e4 e5 2. Nf3 Nc6 3. d4 exd4 4.
Nxd4 Nf6 5. Nc3 Bb4 6. Nxc6 bxc6 7. Bd3 d5 8. exd5 O-O 9. O-O Bg4 10. f3 Bh5 11.
dxc6 Qd4+ 12. Kh1 Bxc3 13. bxc3 Qxc3 14. Bf4 Qxc6 15. Rb1 Bg6 16. Rb3 Rfd8 17. Qe2 Bxd3 18. Rxd3 Rxd3 19. Qxd3 Nd5 20. Bg3 Re8 21. Rd1 Nc3 22. Re1 Rxe1+ 23. Bxe1 Nd5 24. c4 Nf6 25. Bc3 h6 26. Qd8+ Kh7 27. Qd3+ Kh8 28. Qd8+ Ne8 29. h3 Kh7 30. Qd3+ Qg6 31. Qe3 Nd6 32. Qxa7 Nxc4 33.
Qxc7 Ne3 34. Qh2 Qb1+ 35. Qg1 Nf1 36. Be5 f6 37. Bh2 Qd3 38. Bf4 g5 39. Bd6 Ne3 40.
Bc5 Nf5 41. Qe1 Qc2 42. Qb4 Qxa2 43. Qb7+ Kg6 44. Qc8 Qa1+ 45. Kh2 Qe5+ 46. Kg1 Qxc5+ 47. Qxc5 h5 48. Qc2 h4 49. g4 hxg3 50. Kg2 1-0

[Event "Early-Titled-Tuesday-Blitz-March-19-2024"]
[Site "Chess.com"]
[Date "2024.03.19"]
[Round "8"]
[White "TigrVShlyape"]
[Black "MightyMike_009"]
[Result "1-0"]
[WhiteElo "2907"]
[BlackElo "2715"]
[TimeControl "180+1"]
[EndTime "9:29:52 PDT"]
[Termination "TigrVShlyape won by resignation"]

1. e4 e5 2. Nf3 Nc6 3. Bb5 a6 4. Ba4 Nf6 5. O-O b5 6. Bb3 Bc5 7. c3 d6 8. d4 Bb6 9. h3 O-O 10. Re1 h6 11. Be3 Re8 12. Nbd2 exd4 13. cxd4 Nb4 14.
e5 Nfd5 15. a3 Nxe3 16. Rxe3 Nc6 17. Bd5 Bd7 18. Rc1 Nxd4 19. Bxa8 Qxa8 20. Re1 Qa7 21. exd6 Rxe1+ 22. Qxe1 cxd6 23. b4 Ne6 24. Ne4 Nf4 25. Qd2 g5 26. Nf6+ Kg7 27. Nxd7 Qxd7 28. Rd1 d5 29. Nd4 Kg8 30. Qc2 Qe8 31. Nf5 Qe6 32. Qc8+ Kh7 33. Qxe6 fxe6 34. Nd6 e5 35. Kf1 Bd4 36. Ne8 Kg6 37. Nc7 Bb2 38. Nxd5 Bxa3 39. Nxf4+ gxf4 40. Ra1 Bxb4 41. Rxa6+ Kg5 42. Rb6 Bc3 43.
Rxb5 Bd4 44. f3 h5 45. Rb7 Kh4 46. Rg7 Bc3 47. Rg6 Bd4 48. Ke2 Bc3 49. Kd3 Bd4 50. Ke4 Bb2 51. Kf5 Bd4 52. Rg5 Bc3 53. Kg6 e4 54.
fxe4 f3 55. gxf3 Kxh3 56. Kxh5 1-0

[Event "Early-Titled-Tuesday-Blitz-March-19-2024"]
[Site "Chess.com"]
[Date "2024.03.19"]
[Round "8"]
[White "GnowReopard"]
[Black "Barmen_EV"]
[Result "0-1"]
[WhiteElo "2770"]
[BlackElo "2577"]
[TimeControl "180+1"]
[EndTime "9:29:52 PDT"]
[Termination "Barmen_EV won on time"]

1. c4 f5 2. d4 Nf6 3. g3 g6 4.
Bg2 Bg7 5. Nf3 O-O 6. O-O d6 7.
Nc3 Qe8 8. d5 Na6 9. Rb1 Nc5 10.
Be3 Nfe4 11. Nb5 Na6 12. Bd4 Bh6 13. b4 c6 14. Nc3 Nxb4 15. Rxb4 c5 16. Rb3 cxd4 17.
Nxe4 fxe4 18. Nxd4 e3 19. f4 g5 20. f5 g4 21. Ne6 Bxe6 22. dxe6 Qh5 23. Bxb7 Rab8 24.
Be4 Rxb3 25. axb3 Bg7 26. Qd3 Rf6 27. Qxe3 Rh6 28. Rf2 Rf6 29. Qxa7 Rf8 30. e3 Qg5 31. b4 h5 32. b5 Be5 33. Qa3 h4 34. Qd3 hxg3 35. hxg3 Bxg3 36. Rg2 Be5 37. Qe2 g3 38. b6 Kg7 39. b7 Rh8 40. Qf3 Qh4 41. Kf1 Qh1+ 42.
Ke2 Qa1 43. Rxg3+ Bxg3 44. Qxg3+ Kf8 0-1

[Event "Early-Titled-Tuesday-Blitz-March-19-2024"]
[Site "Chess.com"]
[Date "2024.03.19"]
[Round "8"]
[White "ikhasu"]
[Black "Yeritsyaan"]
[Result "0-1"]
[WhiteElo "2498"]
[BlackElo "2656"]
[TimeControl "180+1"]
[EndTime "9:29:53 PDT"]
[Termination "Yeritsyaan won on time"]

1. d4 f5 2. g4 d5 3. gxf5 Bxf5 4. Bg2 Nf6 5. Bf4 e6 6. Nf3 Bd6 7. Ne5 O-O 8. Nc3 Nc6 9. e3 Qe7 10. a3 Rad8 11. Qd2 Ne4 12. Nxe4 dxe4 13. Nxc6 bxc6 14. Bxd6 cxd6 15. O-O-O Rb8 16. Rhg1 Rfc8 17. c4 c5 18. d5 Rb3 19. dxe6 Rd3 20. Qc2 Qxe6 21. Qxd3 exd3 22.
Bd5 Qxd5 23. cxd5 c4 24. Kd2 Kf7 25. f3 Kf6 26. e4 Bd7 27. Rc1 Ba4 28. Rc3 Bb3 29.
Rgc1 Rb8 30. Ke3 g5 31. h3 a5 32. Rxc4 Bxc4 33. Rxc4 Rxb2 34. Kxd3 Rf2 35. Ke3 Ra2 36. Rc3 Ke5 37. h4 h6 38. hxg5 hxg5 39. Rd3 Rh2 40. Rb3 Ra2 41. Rc3 a4 42. Rd3 Rb2 43. Rc3 Rb1 44.
Kf2 Rb3 45. Rc7 Rxa3 46. Rf7 Rb3 47. Rf5+ Kd4 48. Rxg5 a3 49. Rg8 Kc3 50. Ra8 Kb2 51.
Kg3 a2 52. Kf4 Ra3 53. Rb8+ Kc2 54. Rc8+ Kd2 55. Rh8 a1=Q 56. Rh2+ Kc3 0-1

[Event "Early-Titled-Tuesday-Blitz-March-19-2024"]
[Site "Chess.com"]
[Date "2024.03.19"]
[Round "8"]
[White "AA95"]
[Black "GMAneta"]
[Result "1/2-1/2"]
[WhiteElo "2474"]
[BlackElo "2643"]
[TimeControl "180+1"]
[EndTime "9:29:53 PDT"]
[Termination "Game drawn by repetition"]

1. Nf3 Nf6 2. g3 g6 3. Bg2 Bg7 4. O-O O-O 5. d4 d5 6. c3 Na6 7. Bf4 c5 8. Nbd2 Bf5 9. Re1 Qb6 10. Qb3 c4 11. Qxb6 axb6 12. a3 b5 13. h3 Nd7 14.
e4 dxe4 15. Nxe4 Nb6 16. Nh4 Na4 17. Re2 Bd7 18. Nf3 Bc6 19. Ne5 Rac8 20. Rd1 Nc7 21.
Nxc6 bxc6 22. Nc5 Nxc5 23. dxc5 Ne6 24. Be3 Be5 25. Rd7 Bf6 26. h4 h5 27. Bh3 Rfd8 28. Red2 Rxd7 29. Rxd7 Kf8 30. Bxe6 fxe6 31. Kg2 Ke8 32. Rd2 Rd8 33. Rxd8+ Kxd8 34. Kf3 Kd7 35. Ke4 Ke8 36. Bd4 Kf7 37. Be5 Ke8 38. Bf4 Kd7 39. Be3 Ke8 40. Bf4 Kd7 41. Bg5 Ke8 42. f3 Kd7 43. g4 Bg7 44. Be3 Bf6 45. Bg5 Bxg5 46. hxg5 hxg4 47. fxg4 Kd8 48. Kd4 Kc7 49. Ke4 Kc8 50. Ke5 Kd7 51. Ke4 Kc7 52. Ke5 Kd7 53. Kd4 Kc7 54. Ke4 Kc8 55. Ke5 Kd7 1/2-1/2

[Event "Early-Titled-Tuesday-Blitz-March-19-2024"]
[Site "Chess.com"]
[Date "2024.03.19"]
[Round "8"]
[White "GMKrikor"]
[Black "Matrix3x3a"]
[Result "1/2-1/2"]
[WhiteElo "2893"]
[BlackElo "2652"]
[TimeControl "180+1"]
[EndTime "9:29:57 PDT"]
[Termination "Game drawn by repetition"]

1. Nf3 Nf6 2. c4 c5 3. Nc3 Nc6 4. d4 cxd4 5. Nxd4 e6 6. e4 Bb4 7. Nxc6 bxc6 8. Bd3 e5 9. O-O O-O 10. h3 h6 11. Be3 d6 12. Na4 c5 13. a3 Ba5 14.
Rb1 Bb6 15. b4 cxb4 16. Nxb6 axb6 17. axb4 Be6 18. Qe2 Qc7 19. Rfc1 Nd7 20. f3 Ra3 21.
Rb2 Rfa8 22. Qd2 Ra1 23. Rc2 Rxc1+ 24. Rxc1 Kf8 25. Bf1 Ke7 26. Qb2 f6 27. Bf2 Ra7 28. Be3 Qb8 29. Ra1 Qa8 30. Rxa7 Qxa7 31. Kf2 g5 32.
Be2 Qa4 33. Qc3 Qc6 34. Qd3 Qa4 35. Qc3 Qa2 36. Ke1 Qa7 37. Qb2 Qc7 38. Qc1 Qa7 39.
Qb2 Qc7 40. Qc1 Qa7 41. Qc3 Qc7 42. Kd2 Qa7 43. Qb2 Qc7 44. Qc3 Qa7 45. Kc1 Qa2 46. Bd2 h5 47. Bd3 h4 48. Qc2 Qa3+ 49. Kb1 Qa7 50.
Be2 Qc7 51. Kb2 Qa7 52. Qc3 Qc7 53. Be3 Qc6 54. Bd3 Qc7 55. Qc2 Qc6 56. Qb3 Qc7 57.
Qc3 Qc6 58. Bf2 Qc7 59. Bf1 Qc6 60. Be2 Qc7 61. Kc2 Qc6 62. Kd2 Qc7 63. Be3 Qc6 64. Kc2 Qc7 65. Kb2 Qc6 66. Bf2 Qc7 67. Be3 1/2-1/2

[Event "Early-Titled-Tuesday-Blitz-March-19-2024"]
[Site "Chess.com"]
[Date "2024.03.19"]
[Round "8"]
[White "hitaman"]
[Black "chess123456s"]
[Result "1-0"]
[WhiteElo "2693"]
[BlackElo "2543"]
[TimeControl "180+1"]
[EndTime "9:29:57 PDT"]
[Termination "hitaman won by checkmate"]

1. e4 e5 2. Nf3 Nc6 3. Nc3 Nf6 4. d4 exd4 5. Nxd4 Bb4 6. Nxc6 bxc6 7. Bd3 O-O 8. Bd2 d5 9. O-O Rb8 10. Re1 Re8 11. exd5 Rxe1+ 12. Qxe1 cxd5 13. a3 Bd6 14. Nb5 Bc5 15. b4 Bb6 16. Be3 c6 17. Bf4 Ng4 18.
Bc7 Bxf2+ 19. Qxf2 Nxf2 20. Bxd8 Nxd3 21. Nxa7 Bd7 22.
cxd3 Rxd8 23. Rc1 Ra8 24. Nxc6 Rxa3 25. b5 Rb3 26. Nd4 Rb4 27. Rc7 Be8 28. Rc8 Kf8 29. Nf5 Rb1+ 30. Kf2 f6 31. Nd6 Ke7 32. Nxe8 Rxb5 33.
Nxg7 d4 34. h4 Kf7 35. Rc7+ Kg6 36. Ne6 Rb2+ 37. Kf3 Kf5 38. Nxd4+ Ke5 39. Rd7 Rd2 40. Ne2 Ke6 41. Rd4 Ke5 42. Re4+ Kd5 43. Nf4+ Kd6 44. Re6+ Kd7 45. Rxf6 h5 46. Rh6 Rc2 47. Rxh5 Kc6 48.
Rg5 Kb6 49. h5 Kb7 50. h6 Rc6 51. h7 Rc7 52. Rh5 Rd7 53. h8=Q Rc7 54. Rh7 Kc6 55.
Rxc7+ Kd6 56. Qf6+ Kxc7 57. Qe6 Kd8 58. Qf7 Kc8 59.
Nd5 Kb8 60. Qc7+ Ka8 61. Nb6# 1-0

[Event "Early-Titled-Tuesday-Blitz-March-19-2024"]
[Site "Chess.com"]
[Date "2024.03.19"]
[Round "8"]
[White "WindWhistler11"]
[Black "MdChess1734"]
[Result "1-0"]
[WhiteElo "2533"]
[BlackElo "2359"]
[TimeControl "180+1"]
[EndTime "9:29:57 PDT"]
[Termination "WindWhistler11 won on time"]

1. Nf3 Nf6 2. g3 b5 3. Bg2 Bb7 4. Na3 a6 5. c4 e5 6. cxb5 Bxa3 7. bxa3 axb5 8. O-O d6 9. Qb3 Bc6 10. Ng5 O-O 11.
Bxc6 Nxc6 12. Qxb5 Nd4 13. Qd3 h6 14. Nf3 Nxf3+ 15.
Qxf3 Ra4 16. Qc6 Ra5 17. Bb2 Qb8 18. Rab1 Rb5 19. Qc2 Qb7 20. a4 Rc5 21. Bc3 Qa7 22. Qb3 Ra8 23. d4 Rd5 24. dxe5 dxe5 25. a5 c6 26. Qc4 Qd7 27. Bb4 Qh3 28. f3 Qe6 29. Rfc1 c5 30. Be1 Qc6 31. Bf2 e4 32. fxe4 Re5 33.
Rb6 Qe8 34. Bxc5 Rxe4 35. Qc3 Nd7 36. Rb5 Nxc5 37. Rxc5 Rxe2 38. Qf3 Re3 39. Qf1 Re7 40. Rf5 Qd7 41. h3 Qa7+ 42. Kh2 Qd7 43. Rc2 Rae8 44. Rcf2 g6 45. Rf6 Qd5 46. h4 Re1 47. Qg2 Qxg2+ 48. Kxg2 R8e7 49. a6 R1e5 50. h5 1-0

[Event "Early-Titled-Tuesday-Blitz-March-19-2024"]
[Site "Chess.com"]
[Date "2024.03.19"]
[Round "8"]
[White "Josgar05"]
[Black "Boundless_Strike"]
[Result "0-1"]
[WhiteElo "2377"]
[BlackElo "2630"]
[TimeControl "180+1"]
[EndTime "9:29:58 PDT"]
[Termination "Boundless_Strike won by resignation"]

1. Nf3 d6 2. d4 e5 3. dxe5 Bg4 4. exd6 Bxd6 5. e3 Nc6 6. Be2 Qe7 7. Nbd2 O-O-O 8. c3 Nf6 9. Qa4 Kb8 10. b4 h5 11. h3 Bd7 12. Qc2 g5 13. Nxg5 Rhg8 14.
h4 Ng4 15. b5 Qxe3 16. Nde4 Nb4 17. cxb4 Qd4 18. Bb2 Bxb4+ 19. Bc3 Bf5 20. O-O Bxc3 21. Qxc3 Bxe4 22. Qxd4 Rxd4 23. f3 Ne3 24. Nxe4 Nxf1 25. Bxf1 f5 26. Ng5 Rxh4 27. Ne6 Re8 28. Ng7 Rf8 29.
Ne6 Rf6 30. Rd1 a6 31. Ng5 Rg6 32. Nf7 Rb4 33. bxa6 bxa6 34. Nd8 Rgb6 35. Rc1 Kc8 36.
Nc6 Rb1 37. Bxa6+ Kd7 38. Ne5+ Ke6 39. Nd3 Rxc1+ 40. Nxc1 Rb1 41. Bc4+ Kd6 42. Kf2 Rxc1 43. Bb3 Ke5 44. Kg3 f4+ 45. Kh4 Rh1+ 46. Kg5 Rh2 47. Bc4 Rxg2+ 48. Kxh5 Rg3 49. Be2 Kd4 50. Kh4 Ke3 51.
Bb5 Rxf3 52. Bc6 Rg3 53. a4 Rg6 54. a5 Rxc6 0-1

[Event "Early-Titled-Tuesday-Blitz-March-19-2024"]
[Site "Chess.com"]
[Date "2024.03.19"]
[Round "8"]
[White "GrotBchess"]
[Black "Boxerandchessplayer"]
[Result "0-1"]
[WhiteElo "2399"]
[BlackElo "2218"]
[TimeControl "180+1"]
[EndTime "9:29:59 PDT"]
[Termination "Boxerandchessplayer won by checkmate"]

1. e4 e6 2. d4 d5 3. Nc3 Nf6 4. exd5 exd5 5. Nf3 c6 6. Bd3 Bd6 7. O-O h6 8. Re1+ Be6 9. Bf5 Qe7 10. Bxe6 fxe6 11.
Qe2 Kd7 12. Ne5+ Bxe5 13. Qxe5 Na6 14. b4 Nxb4 15. Rb1 Kc8 16. Ba3 a5 17. Na4 Nd7 18. Qxe6 Qxe6 19. Rxe6 Nxc2 20. Bc5 Kc7 21. Re7 Rae8 22. Rxg7 Kc8 23. g4 Rhg8 24. Rxg8 Rxg8 25. Rc1 Rxg4+ 26. Kf1 Nxd4 27. h3 Rh4 28. Re1 Nxc5 29. Nxc5 Rxh3 30. Re8+ Kc7 31. Rg8 Kb6 32. Nd7+ Kb5 33.
Rb8 Kc4 34. Rxb7 Rh1+ 35. Kg2 Ra1 36. Rb2 Kc3 37. Rb6 Rxa2 38. Ne5 a4 39. Nxc6 Nxc6 40.
Rxc6+ Kd3 41. Rxh6 a3 42. Ra6 d4 43. Kg3 Ra1 44.
f4 a2 45. Kg2 Ke4 46. Ra4 Ke3 47. f5 d3 48. f6 d2 49. f7 d1=Q 50. Ra3+ Ke2 51. f8=Q Qh1+ 52. Kg3 Rg1+ 53. Kf4 Rf1+ 54. Ke5 Rxf8 55. Rxa2+ Kf3 56. Ra3+ Kg4 57. Ra4+ Kg5 58.
Re4 Rf5+ 59. Kd4 Qd1+ 60. Ke3 Rf3# 0-1

[Event "Early-Titled-Tuesday-Blitz-March-19-2024"]
[Site "Chess.com"]
[Date "2024.03.19"]
[Round "8"]
[White "tptagain"]
[Black "mishanick"]
[Result "0-1"]
[WhiteElo "2953"]
[BlackElo "3126"]
[TimeControl "180+1"]
[EndTime "9:30:00 PDT"]
[Termination "mishanick won on time"]

1. Nf3 d5 2. e3 Nf6 3. c4 e6 4.
Nc3 Bd6 5. b3 O-O 6. Bb2 b6 7.
cxd5 exd5 8. g3 Re8 9. Bg2 Ba6 10.
d3 Nbd7 11. O-O Nc5 12. Ne1 c6 13. b4 Ne6 14. b5 Bxb5 15. Nxb5 cxb5 16. Bxf6 Qxf6 17.
Bxd5 Rac8 18. d4 Red8 19. Qb3 b4 20. Bg2 a5 21. Nf3 Rc3 22. Qa4 Qf5 23. Nd2 Ng5 24. Kh1 Qc2 25. Qxc2 Rxc2 26. Ne4 Nxe4 27. Bxe4 Rc3 28. Rac1 Rdc8 29. Rxc3 Rxc3 30. Bd5 Kf8 31. g4 f6 32. Kg2 Ke7 33. Kf3 b5 34. h4 a4 35. Ke4 b3 36. axb3 axb3 37. Rb1 b4 38.
Bxb3 g6 39. Bd5 Rc2 40. f4 Rc3 41. f5 gxf5+ 42. gxf5 h5 43. Rg1 Kd7 44. Rg7+ Be7 45. Rg8 Kc7 46. Be6 Kb6 47. Rb8+ Ka7 48. Re8 Bd6 49. Rd8 Bc7 50. Rd7 Kb7 51. Bd5+ Kc8 52. Rf7 b3 53. Rxf6 b2 54. Ba2 Rc1 55.
Rh6 Ra1 56. Be6+ Kb7 57. Bd5+ Ka7 0-1

[Event "Early-Titled-Tuesday-Blitz-March-19-2024"]
[Site "Chess.com"]
[Date "2024.03.19"]
[Round "8"]
[White "Dr_Pepper18"]
[Black "yaguigor"]
[Result "1-0"]
[WhiteElo "2429"]
[BlackElo "2549"]
[TimeControl "180+1"]
[EndTime "9:30:00 PDT"]
[Termination "Dr_Pepper18 won by checkmate"]

1. d4 d5 2. c4 c6 3. Nf3 Nf6 4. Nbd2 Bf5 5. Nh4 Be6 6. e3 g6 7. b3 Bg7 8. Bb2 Ne4 9. Be2 Qa5 10. Nf3 Bg4 11. O-O Nxd2 12. Nxd2 Bxe2 13. Qxe2 Nd7 14.
Rfc1 O-O 15. a3 e6 16. b4 Qa4 17. Qd3 a5 18. Bc3 Rfc8 19. bxa5 c5 20. cxd5 c4 21.
Qc2 Qxc2 22. Rxc2 exd5 23. Rb2 Rc7 24. Rab1 Ra7 25. Rb5 Nf6 26. h3 Bf8 27. a4 h5 28.
Kf1 Be7 29. Ke2 Kf8 30. f3 Ke8 31. e4 Rd7 32. e5 Nh7 33. Nf1 Ng5 34. Ne3 Ne6 35. Kf1 Nf4 36. g3 Nxh3 37. Nxd5 g5 38. Ne3 h4 39. Kg2 g4 40. fxg4 Ng5 41. Nxc4 hxg3 42.
Be1 Ne4 43. d5 f6 44. e6 Rc7 45. Ne3 Nd6 46. R5b2 Ra6 47. Bxg3 Ra7 48. Bxd6 Bxd6 49. Nf5 Be5 50. Rd2 Rxa5 51. d6 Rc3 52. d7+ Kd8 53. e7+ Kc7 54. d8=Q+ Kc6 55. Qb6# 1-0

[Event "Early-Titled-Tuesday-Blitz-March-19-2024"]
[Site "Chess.com"]
[Date "2024.03.19"]
[Round "8"]
[White "Eagle_2019"]
[Black "amanjazu"]
[Result "1-0"]
[WhiteElo "2861"]
[BlackElo "2561"]
[TimeControl "180+1"]
[EndTime "9:30:01 PDT"]
[Termination "Eagle_2019 won on time"]

1. d4 Nf6 2. c4 g6 3. g3 Bg7 4. Bg2 O-O 5. Nc3 d6 6. Nf3 c5 7. O-O Nc6 8. dxc5 dxc5 9. Bf4 Be6 10. Ne5 Na5 11. Qe1 Nh5 12. Rd1 Qb6 13. Na4 Qb4 14. Qxb4 cxb4 15. Nc5 g5 16. Nxe6 fxe6 17. Bxg5 Bxe5 18.
Bxe7 Rf7 19. Bxb4 Nxc4 20. b3 Nb6 21. a4 Nf6 22. f4 Bc7 23. f5 Re8 24. a5 Nbd7 25.
Bxb7 exf5 26. Rxf5 Rxe2 27. Rdf1 Re5 28. Bc8 Rxf5 29.
Rxf5 Kg7 30. Rg5+ Kh6 31. Bd2 Ne4 32. Rf5+ Kg6 33. Rxf7 Kxf7 34. Be3 Ndc5 35. b4 Nd3 36.
Bf5 Nxb4 37. Bxe4 a6 38. Bxh7 Bxa5 39. Bb1 Ke6 40. g4 Nd5 41. Bd4 Bb6 42. Bxb6 Nxb6 43. h4 a5 44. h5 a4 45. h6 Kf7 46. g5 a3 47. g6+ Kf6 48. g7 1-0

[Event "Early-Titled-Tuesday-Blitz-March-19-2024"]
[Site "Chess.com"]
[Date "2024.03.19"]
[Round "8"]
[White "DonkyDonkyDonkey"]
[Black "Oleksandr_Bortnyk"]
[Result "1/2-1/2"]
[WhiteElo "2985"]
[BlackElo "3058"]
[TimeControl "180+1"]
[EndTime "9:30:03 PDT"]
[Termination "Game drawn by repetition"]

1. c4 Nf6 2. Nc3 d6 3. d4 g6 4.
g3 Bg7 5. Bg2 O-O 6. Nf3 Bf5 7.
O-O Ne4 8. Nh4 Nxc3 9. bxc3 Bc8 10. Rb1 c6 11. Nf3 Qa5 12. Qc2 Nd7 13. e4 Nb6 14. Nd2 Be6 15. Rb4 Qa6 16. d5 cxd5 17. cxd5 Bd7 18.
Bb2 Rac8 19. c4 Bxb2 20. Qxb2 Na4 21. Qd4 f6 22. Rfb1 Nc5 23. R4b2 b6 24. h4 Qa3 25. Bf1 Rc7 26. h5 Kg7 27. Nb3 Rfc8 28. f4 Nxb3 29.
axb3 Qc5 30. Qxc5 bxc5 31. Ra2 Rb8 32. Ra3 Rcb7 33. hxg6 hxg6 34. Bd3 a5 35. Bc2 a4 36. Kf2 Rb4 37. Ke3 Kf7 38. Kd3 g5 39. f5 Kg7 40.
Kc3 Be8 41. g4 Bd7 42. Rh1 axb3 43. Rxb3 Rxb3+ 44. Bxb3 Ra8 45. Kb2 Rb8 46. Kc3 Ra8 47. Kb2 Ra7 48. Ra1 Rb7 49. Kc3 Kf7 50. Ra2 Rb8 51.
Rh2 Kg8 52. Ra2 Kg7 53. Rh2 Be8 54. Ra2 Rb7 55. Rh2 Ra7 56. Ra2 Rb7 57. Rh2 Rb4 58.
Ra2 Rb6 59. Rh2 Bd7 60. Ra2 Rb7 61. Rh2 Rb8 62. Rh1 1/2-1/2